 Dungeon Sprint DCSS version 0.27.1-34-g3ba077fa99 (webtiles) character file.

Game seed: 387701249010714149

29 alasdair19 the Protected (level 5, -1/52 HPs)
             Began as a Minotaur Fighter on Jan 15, 2022.
             Succumbed to a scorpion's poison
             ... in the Dungeon (Sprint VI: "Thunderdome") on Jan 16, 2022.
             The game lasted 00:05:37 (351 turns).

alasdair19 the Protected (Minotaur Fighter)          Turns: 351, Time: 00:05:37

Health: -1/52      AC:  8    Str: 22    XL:     5   Next: 61%
Magic:  4/4        EV:  9    Int:  5    God:
Gold:   210        SH: 11    Dex:  9    Spells: 4/4 levels left

rFire    . . .     SeeInvis .   a - +0 long sword
rCold    . . .     Faith    .   c - +0 kite shield
rNeg     . . .     Spirit   .   b - +0 scale mail
rPois    .         Reflect  .   (helmet restricted)
rElec    .         Harm     .   (no cloak)
rCorr    .         Rampage  .   (no gloves)
Will     .....     NoTele   +   (no boots)
Stlth    ..........             (no amulet)
HPRegen  0.17/turn              (no ring)
MPRegen  0.09/turn              (no ring)

@: lethally poisoned (-1 -> -7)
A: horns 2, retaliatory headbutt
a: no special abilities


You were in the Dungeon.
You visited 1 branch You collected 210 gold pieces.

Inventory:

Hand Weapons
 a - a +0 long sword (weapon)
Armour
 b - a +0 scale mail (worn)
 c - a +0 kite shield (worn)
Wands
 l - a wand of acid (5)
 m - a wand of iceblast (5)
Scrolls
 j - 4 scrolls of blinking
 n - 3 scrolls of fog
Potions
 d - a potion of might
 e - a potion of curing
 f - 4 potions of heal wounds
 g - 4 potions of haste
 h - 2 potions of magic
 i - a potion of berserk rage
 k - a potion of resistance


   Skills:
 + Level 7.6 Fighting
 + Level 5.9 Long Blades
 + Level 8.7 Armour
 + Level 1.5 Dodging
 + Level 8.3 Shields


You had 4 spell levels left.
You didn't know any spells.
Your spell library was empty.

Dungeon Overview and Level Annotations

Branches:
Dungeon (1/1)

Altars:
Cheibriados
Dithmenos
Fedhas
Gozag
Kikubaaqudgha
Makhleb
Okawaru
Qazlal
Ru
Sif Muna
Trog
Uskayaw
Vehumet
Wu Jian
Xom
Yredelemnul
Zin
The Shining One
Beogh
Jiyva
Lugonu

Shops:
D *[??*?*:[((!!!!


Innate Abilities, Weirdness & Mutations

You have a pair of horns on your head.
You reflexively headbutt those who attack you in melee.


Message History

You barely miss the scorpion. Your headbutt misses the scorpion.
The scorpion is lightly wounded.
You feel sick. You block the scorpion's attack. x2
You hit the scorpion but do no damage.
The scorpion is lightly wounded.
You feel sick. The scorpion stings you.
You hit the scorpion.
You headbutt the scorpion, but do no damage.
The scorpion is heavily wounded.
You feel sick. You block the scorpion's attack. x2
You closely miss the scorpion.
The scorpion is heavily wounded.
You feel sick. The scorpion stings you. You block the scorpion's attack.
You hit the scorpion.
The scorpion is heavily wounded.
You feel sick.
You are no longer poisoned.
The scorpion stings you.
* * * LOW HITPOINT WARNING * * *
You are poisoned.
The scorpion poisons you!
You hit the scorpion but do no damage.
The scorpion is heavily wounded.
You feel very sick. The scorpion stings you.
* * * LOW HITPOINT WARNING * * *
You are lethally poisoned!
The scorpion poisons you! You block the scorpion's attack.
You slash the scorpion!
You kill the scorpion!
* * * LOW HITPOINT WARNING * * *
You feel very sick.
Your Shields skill increases to level 8!
* * * LOW HITPOINT WARNING * * *
You feel very sick.
A scorpion comes into view.
You see here a scorpion corpse.
* * * LOW HITPOINT WARNING * * *
You feel sick.
You die...

##.___......###......__.∩##
##∩........8.# #.8........∩#
#.............###............
#⌠..........###...###.........
#⌠..........# #.<.# #.........
#⌠..........###...###..÷......
##.............###............
###∩........8.# #.8........∩#
##∩___...$@.###......___∩##
######.8.........8.######
#⌠...........⌠#
###.........### #_........#
#_......._# #_......._#
#∩.......∩# ##∩.....∩##


There were no monsters in sight!

Vanquished Creatures
  A water moccasin (D)
  A scorpion (D)
  4 adders (D)
  2 river rats (D)
  2 quokkas (D)
10 creatures vanquished.

Notes
Turn   | Place    | Note
-------+----------+-------------------------------------------
     0 | D        | alasdair19 the Minotaur Fighter began the quest for the
                  | Orb.
     0 | D        | Reached XP level 1. HP: 19/19 MP: 0/0
     1 | D        | Found an iron altar of Okawaru.
     5 | D        | Round 1.
     6 | D        | Found a snail-covered altar of Cheibriados.
     7 | D        | Found a corrupted altar of Lugonu.
     7 | D        | Found an ornate altar of the Wu Jian Council.
     8 | D        | Found a glowing silver altar of Zin.
     9 | D        | Found Myph's Do-It-Yourself Clinic.
     9 | D        | Found a stormy altar of Qazlal.
     9 | D        | Found a basalt altar of Yredelemnul.
     9 | D        | Found Mostif's Distillery.
    10 | D        | Found Dukim's Bottled Wisdom.
    10 | D        | Found Yssuc's Distillery.
    17 | D        | Reached skill level 5 in Armour
    17 | D        | Reached XP level 2. HP: 14/28 MP: 1/1
    23 | D        | Found a glowing golden altar of the Shining One.
    24 | D        | Found a shimmering blue altar of Sif Muna.
    44 | D        | Reached skill level 5 in Shields
    51 | D        | Found a burning altar of Makhleb.
    54 | D        | Found Jaluen's Staff Store.
    55 | D        | Found Lullaumo's Must-Have Magic.
    55 | D        | Found Darifocs's Magic Scroll Shop.
    56 | D        | Found an opulent altar of Gozag.
    56 | D        | Found Rasirrorr's Magic Scroll Shop.
    63 | D        | Found a blossoming altar of Fedhas.
   114 | D        | Arena points: 5 (+5) [x1]
   129 | D        | Round 2.
   150 | D        | Found a bloodstained altar of Trog.
   154 | D        | Reached skill level 5 in Fighting
   154 | D        | Reached XP level 3. HP: 32/36 MP: 2/2
   156 | D        | Found Bamn's Jewellery.
   156 | D        | Found Goit's Advanced Armour.
   191 | D        | Found a viscous altar of Jiyva.
   192 | D        | Found Zurchoum's Weapon Rack.
   193 | D        | Found Duko's Basic Armour.
   193 | D        | Found Xero Xerawn's Miscellaneous Merchandise.
   199 | D        | Found an ancient bone altar of Kikubaaqudgha.
   199 | D        | Found Cirus's Premium Goods.
   199 | D        | Found a shimmering altar of Xom.
   199 | D        | Found a shadowy altar of Dithmenos.
   208 | D        | Found a hide-covered altar of Uskayaw.
   210 | D        | Found a radiant altar of Vehumet.
   210 | D        | Found a sacrificial altar of Ru.
   210 | D        | Found Riateso's Identification Station.
   256 | D        | Noticed a water moccasin
   266 | D        | Killed a water moccasin
   267 | D        | Reached skill level 5 in Long Blades
   267 | D        | Reached skill level 1 in Dodging
   267 | D        | Reached XP level 4. HP: 25/47 MP: 3/3
   267 | D        | Reached XP level 5. HP: 27/52 MP: 4/4
   267 | D        | Arena points: 29 (+24) [x2]
   327 | D        | Round 3.
   349 | D        | HP: 2/52 [poisoned by a scorpion]
   351 | D        | Succumbed to a scorpion's poison

Illustrated notes

Levels and vault maps discovered:
D:        arena_sprint

Skill      XL: |  1  2  3  4  5 |
---------------+----------------+-----
Fighting       | 4 5 7 |  7.6
Long Blades    | 3 5 |  5.9
Armour         | 5 7 8 |  8.7
Shields        | 4 5 7 8 |  8.3
Dodging        | 1 |  1.5

Action                   |  1- 3 |  4- 6 || total
-------------------------+-------+-------++-------
Melee: Long sword        |    26 |    10 ||    36
       Headbutt          |     6 |     1 ||     7
Armor: Scale mail        |    22 |     1 ||    23
Dodge: Dodged            |    17 |     2 ||    19
Block: Kite shield       |    18 |     7 ||    25
       Rpst.: Long sword |     6 |       ||     6
